Map: Cyber Forest LE

Players

MODEUS

  • Race: Terran Terran
  • Spawn Location: 5:00

SKillous - Winner!

  • Race: Protoss Protoss
  • Spawn Location: 11:00

Event: 2019 WCS Summer

VOD

Have the link to the VOD?

Description

Time

  • Played on: July 12, 2019, 7:21 a.m.
  • Length: 6:38

All games in this series

Show
View Real Time Build Order
Export as new Build Order

MODEUS Terran 

Build Orders: Reaper Expand 

Get SALT Encoding   

  12  0:00  SCV  
  13  0:13  SCV  
  14  0:17  Supply Depot  
  14  0:25  SCV  
  15  0:39  SCV  
  15  0:41  Barracks  
  16  0:45  Refinery  
  16  0:51  SCV  
  17  1:03  SCV  
  18  1:15  SCV  
  19  1:28  Orbital Command, Reaper  
  20  1:42  Command Center  
  20  1:51  Refinery  
  20  1:53  SCV  
  21  1:59  Supply Depot  
  21  2:02  Barracks Reactor  
  21  2:05  SCV  
  22  2:17  SCV  
  22  2:19  Factory  
  23  2:29  Bunker, SCV  
  24  2:39  Marine x2  
  24  2:42  SCV  
  27  2:55  Orbital Command  
  27  2:56  SCV  
  28  3:00  Marine x2  
  30  3:08  Factory Tech Lab, Starport  
  30  3:09  Orbital Command  
  30  3:11  SCV  
  31  3:19  Marine x2  
  34  3:27  SCV  
  34  3:32  Siege Tank  
  36  3:37  SCV  
  36  3:39  SCV  
  38  3:46  Viking  
  39  3:49  SCV  
  39  3:52  Marine x2  
  39  3:53  Supply Depot  
  42  3:58  SCV  
  42  4:02  SCV  
  44  4:10  SCV  
  44  4:12  Siege Tank  
  44  4:15  SCV  
  47  4:17  Supply Depot  
  47  4:19  Viking  
  47  4:21  Marine x2  
  47  4:23  SCV  
  52  4:27  Supply Depot  
  52  4:40  Marine x2  
  52  4:42  SCV x2  
  56  4:49  Siege Tank, Viking  
  56  4:52  Supply Depot  
  61  4:57  SCV x2  
  61  4:58  Supply Depot  
  63  5:05  Marine x2, Engineering Bay  
  65  5:11  SCV  
  65  5:12  SCV  
  67  5:15  Liberator  
  67  5:22  Siege Tank  
  67  5:23  Marine x2  
  67  5:24  SCV  
  67  5:26  Engineering Bay  
  76  5:36  Supply Depot  
  76  5:37  Missile Turret  
  76  5:41  Missile Turret  
  76  5:42  SCV x2  
  78  5:45  Marine x2  
  80  5:53  Bunker  
  79  5:57  Bunker  
  79  6:01  Bunker  
  79  6:03  Marine x2  
  81  6:15  SCV x2  
Show
View Real Time Build Order
Export as new Build Order

SKillous Protoss - Winner!

Build Orders: 1 Gate Expand, Oracle Opening 

Get SALT Encoding   

  12  0:00  Probe  
  13  0:12  Probe  
  14  0:17  Pylon  
  14  0:24  Probe  
  15  0:32  Probe  
  15  0:37  Gateway  
  15  0:40  Probe  
  16  0:46  Assimilator  
  17  0:51  Probe  
  18  1:03  Probe  
  19  1:18  Probe  
  19  1:23  Nexus  
  20  1:34  Cybernetics Core  
  20  1:37  Probe  
  21  1:43  Assimilator  
  21  1:49  Probe  
  21  1:52  Pylon  
  22  2:01  Probe, Adept  
  23  2:13  Probe  
  26  2:16  Stargate  
  26  2:21  Adept  
  26  2:24  Warp Gate  
  26  2:25  Probe  
  27  2:31  Probe  
  30  2:37  Probe  
  30  2:39  Probe  
  32  2:49  Probe x2  
  33  2:52  Adept  
  33  2:58  Oracle  
  36  3:01  Probe x2  
  41  3:13  Probe  
  41  3:14  Probe, Pylon  
  43  3:25  Probe  
  43  3:26  Probe, Oracle  
  43  3:36  Gateway  
  43  3:37  Gateway  
  43  3:38  Probe x2  
  48  3:50  Probe x2, Pylon  
  48  3:51  Assimilator  
  48  3:53  Assimilator  
  50  4:02  Probe x2  
  52  4:08  Oracle  
  55  4:14  Probe x2  
  57  4:18  Twilight Council  
  57  4:20  Forge  
  57  4:21  Pylon  
  57  4:24  Pylon  
  57  4:39  Gateway  
  57  4:41  Sentry  
  57  4:44  Gateway  
  60  4:46  Gateway  
  59  4:52  Nexus  
  59  4:56  Pylon  
  59  5:07  Sentry  
  59  5:09  Probe x2  
  63  5:17  Stalker x2  
  67  5:21  Pylon  
  67  5:22  Probe  
  68  5:31  Stalker  
  70  5:36  Stalker  
  70  5:37  Probe  
  70  5:38  Probe  
  74  5:46  Stalker, Sentry  
  74  5:47  Stalker  
  82  5:57  Zealot x2  
  82  6:02  Zealot  
  84  6:10  Stalker x3  
  80  6:27  Zealot x3  
  74  6:35  Stalker  
Tags
 
Add a new tag
Caveats
  • Supply blocks, unpowered buildings, or Contaminate may cause inaccurate times.
  • Supply counts are checked every 10 seconds.